Map: Efflorescence LE

Players

RyuMaster

  • Race: Terran Terran
  • League: Diamond
  • Spawn Location: 12:00

RubiX

  • Race: Terran Terran
  • League: Diamond
  • Spawn Location: 3:00

qqq

  • Race: Zerg Zerg
  • League: Platinum
  • Spawn Location: 9:00

Massa

  • Race: Terran Terran
  • League: Platinum
  • Spawn Location: 6:00

VOD

Have the link to the VOD?

Description

Time

  • Played on: Sept. 26, 2020, 3:34 p.m.
  • Length: 15:58
Show
View Real Time Build Order
Export as new Build Order

RyuMaster Terran 

Build Orders: Gas First Reaper Expand 

Get SALT Encoding   

  12  0:01  SCV  
  13  0:13  SCV  
  14  0:19  Supply Depot  
  14  0:25  SCV  
  15  0:32  Refinery  
  15  0:41  SCV  
  16  0:46  Barracks  
  16  0:53  SCV  
  17  1:05  SCV  
  18  1:17  SCV  
  19  1:33  Orbital Command  
  19  1:34  Reaper  
  20  1:55  Command Center  
  20  1:58  Supply Depot  
  20  2:01  SCV  
  21  2:13  SCV  
  22  2:25  Factory  
  22  2:26  SCV  
  22  2:28  Barracks Reactor  
  23  2:47  SCV  
  24  3:00  SCV  
  25  3:12  SCV  
  25  3:22  Starport  
  25  3:23  Refinery, Orbital Command  
  25  3:24  SCV  
  26  3:27  Hellion x2  
  30  3:36  SCV  
  31  3:45  Barracks Tech Lab  
  31  3:48  Refinery, SCV  
  32  3:49  Hellion x2  
  36  4:00  SCV  
  37  4:10  Hellion x2  
  37  4:12  SCV  
  37  4:14  Stimpack  
  37  4:15  Starport Reactor  
  42  4:20  Engineering Bay  
  42  4:23  Barracks  
  42  4:25  SCV x2  
  44  4:32  Supply Depot  
  44  4:37  SCV x2  
  46  4:46  Engineering Bay  
  46  4:50  Command Center  
  46  4:51  Supply Depot  
  46  4:54  SCV x2, Marine  
  49  5:11  Marine  
  49  5:14  Barracks Reactor  
  50  5:20  Barracks  
  50  5:23  Barracks, Terran Infantry Weapons Level 1  
  50  5:24  Terran Infantry Armor Level 1, Missile Turret  
  50  5:25  SCV  
  50  5:26  SCV  
  52  5:29  Marine  
  52  5:31  Supply Depot  
  49  5:46  Missile Turret  
  49  5:47  Marine  
  44  6:05  Marine  
  44  6:08  Factory Tech Lab, Missile Turret  
  44  6:10  Combat Shield  
  45  6:11  Marine  
  45  6:12  Barracks Reactor  
  45  6:13  Barracks Tech Lab  
  45  6:14  Marine  
  47  6:20  Barracks  
  47  6:23  SCV, Marauder  
  49  6:29  Marine  
  49  6:31  Marine  
  51  6:34  Siege Tank  
  51  6:37  Liberator  
  57  6:45  Marauder  
  57  6:46  Marine  
  60  6:47  Marine  
  60  6:49  Marine  
  54  7:03  Marine x2  
  54  7:04  Marine  
  54  7:05  Marine  
  54  7:06  Marauder  
  54  7:07  Marine  
  58  7:21  Marine  
  58  7:22  Marauder  
  60  7:25  Marine x3  
  60  7:26  Marine x2  
  60  7:27  Marauder  
  67  7:39  Marine  
  67  7:44  Marauder  
  70  7:46  Planetary Fortress  
  70  7:49  Marauder  
  72  7:55  Marine x4  
  72  7:56  Supply Depot, Siege Tank  
  79  8:00  Armory  
  79  8:03  SCV x2  
  79  8:05  Marauder  
  83  8:10  Marauder  
  85  8:18  SCV x2  
  87  8:23  Marine x2  
  87  8:24  Marine x3  
  92  8:28  Supply Depot  
  92  8:30  SCV  
  92  8:31  Supply Depot x2  
  92  8:32  SCV, Siege Tank  
  92  8:33  Marauder x2  
  101  8:43  Missile Turret  
  101  8:49  SCV, Marine x3, Medivac x2  
  101  8:52  Marine x2  
  101  8:54  Marauder x2  
  115  9:01  Marine  
  116  9:05  SCV x3  
  116  9:07  Marine x2  
  116  9:08  Refinery  
  116  9:09  Refinery  
  121  9:15  Marauder  
  121  9:16  Supply Depot x2  
  123  9:17  SCV x2  
  125  9:36  Supply Depot  
  125  9:37  SCV, Marine x4, Supply Depot  
  125  9:38  Marauder, Medivac x2  
  136  9:42  Sensor Tower  
  136  9:45  Supply Depot  
  136  9:46  Supply Depot  
  136  9:48  Supply Depot  
  136  9:53  Marine x2  
  136  9:54  Marine  
  136  9:55  Marine  
  140  10:03  Supply Depot  
  140  10:05  Supply Depot  
  140  10:08  Medivac x2, Supply Depot  
  140  10:13  Marine  
  140  10:14  Marauder, Marine x2  
  146  10:15  Marauder  
  142  10:50  Marine x4  
  142  10:51  Marauder x2  
  150  11:02  Marine, Siege Tank  
  150  11:03  Marine  
  155  11:08  Marine x2  
  157  11:12  Marauder  
  159  11:34  Siege Tank  
  159  11:39  Marine  
  163  11:40  Marine x5  
  163  11:41  Marauder x2  
  132  11:57  Marine  
  132  11:58  Marine x5  
  138  12:02  Marauder, Marine  
  141  12:14  Liberator, Viking  
  141  12:15  Marine x2  
  147  12:16  Marine x4  
  147  12:20  Marauder  
  154  12:23  Marauder  
  140  12:33  Marine x2  
  115  12:44  Liberator  
  115  12:46  Marine x2  
  115  12:47  Marauder x2, Marine x2  
  115  12:50  Marine  
  127  12:51  Marine  
  127  12:57  Liberator  
  131  13:00  Command Center, Siege Tank  
  131  13:01  Terran Infantry Weapons Level 2  
  131  13:04  Marine x3  
  131  13:05  Marine  
  138  13:08  Marauder, Marine  
  138  13:09  Marauder, Marine  
  138  13:11  Terran Infantry Armor Level 2, Command Center  
  144  13:19  Refinery  
  144  13:22  Marine x3  
  147  13:30  Marauder x2  
  143  13:43  Siege Tank  
  146  13:51  Marauder x2  
  150  14:05  Missile Turret  
  150  14:06  Missile Turret  
  150  14:07  Marine x4, Missile Turret  
  150  14:08  Marine x2, Missile Turret x2  
  150  14:09  Missile Turret x2  
  152  14:13  Marauder x2  
  152  14:15  Missile Turret, Siege Tank  
  152  14:25  Marine x2  
  154  14:34  Marauder x2  
  151  14:54  Missile Turret, Viking x2  
  151  14:55  Marauder  
  151  14:56  Marauder, Missile Turret  
  159  15:02  Missile Turret  
  159  15:03  Missile Turret  
  154  15:17  Marauder x2  
  156  15:24  Viking x2  
  156  15:27  Marine x3  
  156  15:28  Marine  
Show
View Real Time Build Order
Export as new Build Order

RubiX Terran 

Build Orders: Reaper Expand 

Get SALT Encoding   

  12  0:00  SCV  
  13  0:12  SCV  
  14  0:17  Supply Depot  
  14  0:24  SCV  
  15  0:39  SCV  
  15  0:40  Barracks  
  16  0:45  Refinery  
  16  0:51  SCV  
  17  1:03  SCV  
  18  1:15  SCV  
  19  1:28  Orbital Command  
  19  1:29  Reaper  
  20  1:41  Command Center  
  20  1:50  Supply Depot  
  20  1:56  SCV  
  21  2:04  Factory  
  21  2:09  SCV  
  21  2:12  Refinery  
  22  2:21  SCV  
  23  2:33  SCV  
  23  2:34  Barracks Reactor  
  23  2:45  SCV  
  24  2:52  Starport  
  24  2:56  Orbital Command  
  24  2:57  SCV  
  27  3:09  SCV  
  28  3:20  Hellion x2  
  28  3:21  SCV  
  31  3:27  SCV  
  31  3:33  SCV, Fusion Core  
  33  3:35  Starport Tech Lab  
  33  3:40  SCV  
  36  3:41  Hellion x2  
  36  3:44  Refinery  
  36  3:45  SCV  
  39  3:52  SCV  
  40  3:58  SCV  
  43  4:02  Hellion  
  43  4:03  Hellion  
  45  4:12  SCV  
  46  4:17  Supply Depot  
  46  4:18  Supply Depot  
  46  4:20  Supply Depot  
  46  4:22  SCV, Battlecruiser  
  53  4:31  Armory  
  53  4:36  SCV  
  54  4:39  Hellion x2  
  54  4:42  SCV  
  59  4:47  Refinery  
  59  4:48  SCV  
  60  4:54  SCV  
  61  5:00  SCV  
  61  5:04  Hellion x2  
  61  5:06  SCV  
  67  5:13  SCV  
  68  5:18  SCV  
  69  5:25  SCV  
  70  5:29  Factory  
  70  5:30  SCV, Factory  
  69  5:37  SCV  
  69  5:41  Armory  
  69  5:42  SCV, Armory, Supply Depot  
  71  5:43  Supply Depot  
  69  5:53  SCV  
  69  5:54  SCV  
  69  5:56  Barracks Tech Lab  
  59  6:05  SCV  
  59  6:06  SCV  
  61  6:17  SCV  
  62  6:18  SCV  
  62  6:24  Cyclone, Command Center  
  62  6:25  Mag-Field Accelerator  
  66  6:29  SCV  
  66  6:30  Cyclone  
  66  6:31  SCV, Hellion x2  
  71  6:38  Terran Vehicle Weapons Level 1  
  71  6:39  Terran Vehicle And Ship Armor Level 1  
  71  6:41  SCV  
  71  6:43  SCV  
  73  6:54  SCV  
  68  6:55  SCV  
  61  7:15  Cyclone x2  
  64  7:16  Hellion x2, Infernal Pre-Igniter  
  66  7:25  SCV x2  
  68  7:37  SCV  
  69  7:51  SCV x2  
  69  7:57  Cyclone x2, Hellion x2  
  81  8:03  SCV x2  
  83  8:07  Factory  
  83  8:08  Factory  
  83  8:12  Orbital Command  
  83  8:15  Refinery x2, SCV  
  83  8:16  SCV  
  85  8:26  Starport Tech Lab  
  81  8:27  Hellion x2  
  81  8:28  SCV x2  
  81  8:29  Cyclone x2  
  90  8:49  SCV x2, Hellion x2  
  90  8:52  SCV  
  90  8:53  Factory Tech Lab x2  
  97  9:01  Cyclone x2  
  97  9:06  SCV x2  
  97  9:07  Terran Vehicle Weapons Level 2  
  97  9:08  Terran Vehicle And Ship Armor Level 2  
  96  9:13  Cyclone x2, Hellion  
  96  9:14  Hellion  
  104  9:24  SCV  
  105  9:33  Cyclone  
  108  9:38  Command Center  
  108  9:45  Supply Depot  
  108  9:47  Supply Depot  
  108  9:49  Supply Depot  
  108  9:57  Cyclone, Raven  
  108  9:58  Cyclone x2, Hellion  
  108  9:59  Supply Depot  
  121  10:00  Supply Depot  
  119  10:28  Cyclone  
  122  10:29  Hellion x2  
  122  10:30  Cyclone x2  
  115  10:44  Cyclone  
  108  10:50  Hellion x2  
  108  10:55  SCV  
  107  10:57  Orbital Command  
  107  11:00  SCV x2, Cyclone  
  107  11:02  Cyclone x2  
  112  11:07  SCV  
  110  11:12  Hellion x2, Factory  
  110  11:13  Factory  
  110  11:16  Cyclone  
  117  11:21  Refinery, SCV x2  
  117  11:22  SCV  
  117  11:23  Refinery  
  117  11:24  Terran Vehicle Weapons Level 3  
  120  11:32  Cyclone  
  123  11:33  Terran Vehicle And Ship Armor Level 3  
  123  11:44  Cyclone x2  
  118  11:54  Cyclone  
  118  11:55  Hellion x2  
  125  12:04  Cyclone  
  123  12:09  Factory Tech Lab x2  
  123  12:16  Cyclone x2, Hellion  
  123  12:17  SCV x2, Hellion  
  135  12:26  Cyclone  
  135  12:27  Cyclone  
  141  12:30  Command Center  
  129  12:56  Hellion x2  
  129  12:57  SCV x3  
  145  13:04  Siege Tank x5  
  145  13:05  Siege Tank  
  151  13:06  SCV  
  151  13:07  Raven  
  154  13:13  SCV x2  
  156  13:24  SCV x2  
  158  13:32  Hellion x2  
  162  13:36  Siege Tank x4  
  162  13:37  Refinery  
  162  13:39  Refinery, SCV x2  
  176  13:54  Engineering Bay  
  155  14:25  Hellion  
  128  14:48  Missile Turret  
  128  14:50  Missile Turret  
  128  14:51  Missile Turret  
  128  14:52  Missile Turret  
  127  14:54  SCV  
  127  14:55  SCV, Missile Turret  
  127  14:58  Missile Turret  
  127  14:59  Orbital Command  
  127  15:00  Missile Turret  
  137  15:24  Missile Turret  
  134  15:48  Factory  
  134  15:49  Factory  
  138  15:55  Missile Turret  
Show
View Real Time Build Order
Export as new Build Order

qqq Zerg 

Build Orders: Hatch First, Lurkers 

Get SALT Encoding   

  12  0:02  Drone  
  13  0:09  Drone  
  14  0:35  Hatchery  
  13  0:46  Drone  
  14  0:57  Spawning Pool  
  13  1:04  Overlord  
  13  1:08  Drone  
  13  1:10  Extractor  
  13  1:15  Drone  
  14  1:23  Drone  
  15  1:35  Drone  
  16  1:42  Drone  
  17  1:53  Zergling x2  
  18  1:54  Queen  
  18  1:56  Drone  
  20  2:10  Queen  
  20  2:11  Drone  
  23  2:17  Metabolic Boost  
  23  2:21  Zergling x2  
  24  2:24  Drone  
  24  2:29  Drone  
  26  2:47  Zergling x4  
  26  2:49  Overlord x2  
  28  3:09  Zergling x4  
  28  3:10  Drone x3  
  33  3:18  Drone  
  33  3:19  Drone x2  
  36  3:29  Zergling x2  
  36  3:30  Drone  
  38  3:44  Zergling x4  
  38  3:46  Drone x2  
  37  4:16  Spine Crawler  
  35  4:17  Drone  
  35  4:19  Spine Crawler  
  35  4:21  Roach Warren, Lair  
  35  4:22  Drone x2  
  35  4:23  Zergling x6  
  35  4:24  Drone x4  
  41  4:25  Drone  
  44  4:39  Extractor, Overlord  
  44  4:41  Drone  
  44  4:56  Overlord x4  
  44  5:06  Zergling x4  
  45  5:07  Roach  
  45  5:08  Roach x2  
  53  5:14  Roach x2  
  53  5:16  Roach  
  53  5:17  Roach  
  59  5:29  Roach x3  
  59  5:30  Drone x4  
  69  5:36  Extractor  
  69  5:37  Extractor  
  67  5:44  Spore Crawler  
  57  5:58  Glial Reconstitution  
  57  6:03  Hydralisk Den, Spore Crawler  
  55  6:05  Spore Crawler  
  55  6:06  Drone x4  
  55  6:07  Drone, Zergling x2, Spore Crawler  
  55  6:09  Drone x5  
  55  6:10  Drone  
  65  6:14  Spore Crawler  
  64  6:19  Zergling x2  
  65  6:50  Hatchery  
  64  6:56  Roach x3  
  64  6:57  Hydralisk x5  
  69  7:11  Roach  
  69  7:12  Zergling x4  
  73  7:17  Drone  
  73  7:21  Muscular Augments  
  67  7:37  Drone x2  
  67  7:40  Zergling x2  
  69  7:47  Ravager x3  
  69  7:50  Overlord  
  72  7:55  Overlord  
  72  7:59  Hatchery  
  72  8:02  Evolution Chamber  
  70  8:07  Hatchery  
  70  8:08  Queen  
  70  8:09  Drone  
  70  8:10  Drone  
  70  8:12  Hydralisk  
  73  8:14  Drone  
  73  8:15  Drone  
  73  8:18  Drone  
  78  8:32  Grooved Spines  
  75  8:59  Roach x4  
  75  9:00  Roach x7  
  75  9:02  Overlord x3  
  75  9:27  Roach  
  75  9:28  Roach x5  
  75  9:29  Drone x4  
  75  9:30  Drone x2  
  93  9:34  Zerg Ground Armor Level 1  
  93  9:50  Lurker Den  
  92  9:53  Pneumatized Carapace  
  92  9:55  Drone x2, Infestation Pit  
  92  9:56  Drone x6  
  92  9:59  Spine Crawler  
  98  10:03  Spine Crawler  
  98  10:05  Spore Crawler  
  96  10:25  Drone x2  
  96  10:26  Drone x5  
  96  10:27  Hydralisk x3  
  109  10:28  Roach  
  109  10:29  Zergling x2, Roach x2  
  110  10:41  Roach  
  110  10:42  Roach x4  
  96  10:54  Hydralisk x3  
  90  10:57  Lurker  
  90  10:58  Lurker x2  
  90  11:03  Spine Crawler  
  91  11:05  Spine Crawler  
  91  11:07  Spine Crawler x2  
  91  11:08  Drone x5  
  91  11:09  Drone  
  94  11:19  Spire  
  76  11:29  Zerg Melee Weapons Level 1  
  74  11:33  Hydralisk x5  
  74  11:35  Zergling x4  
  86  11:45  Hydralisk x3  
  89  11:49  Lurker  
  89  11:50  Lurker  
  89  11:51  Lurker  
  86  11:57  Drone  
  86  11:58  Drone x2  
  89  12:06  Lurker x2  
  89  12:07  Lurker x2  
  93  12:09  Zergling x2  
  93  12:10  Zergling x6  
  93  12:11  Zergling x2  
  88  12:54  Hive  
  88  12:56  Drone  
  88  12:57  Drone x2  
  91  13:02  Spine Crawler  
  91  13:04  Spine Crawler  
  89  13:06  Mutalisk x3  
  89  13:07  Mutalisk x2  
  89  13:08  Zergling x2  
  100  13:13  Hatchery  
  99  13:39  Hydralisk  
  99  13:40  Mutalisk, Hydralisk x2  
  99  13:41  Mutalisk  
  107  13:42  Zergling x4  
  107  13:43  Zergling x2  
  112  13:59  Drone  
  110  14:03  Hydralisk x2  
  112  14:12  Drone  
  112  14:13  Overlord x2  
  112  14:14  Overlord x4  
  87  14:24  Drone  
  87  14:25  Drone x2, Mutalisk  
  87  14:26  Zergling x4  
  79  14:49  Mutalisk x4  
  79  14:52  Drone x4  
  91  14:53  Drone  
  82  15:25  Mutalisk x3  
  82  15:27  Drone x6  
  94  15:33  Mutalisk, Overlord  
  94  15:34  Zergling x2  
  101  15:52  Extractor  
  101  15:53  Extractor  
  101  15:54  Extractor  
  101  15:55  Extractor  
Show
View Real Time Build Order
Export as new Build Order

Massa Terran 

Build Orders:  

Get SALT Encoding   

  12  0:01  SCV  
  13  0:13  SCV  
  14  0:18  Supply Depot  
  14  0:26  SCV  
  15  0:40  SCV  
  16  0:42  Barracks  
  16  0:52  SCV  
  16  0:56  Refinery  
  17  0:59  Refinery  
  17  1:04  SCV  
  18  1:16  SCV  
  19  1:28  SCV  
  20  1:38  Reaper  
  21  1:41  Orbital Command  
  21  1:47  Barracks  
  21  2:09  SCV  
  21  2:10  Marine  
  23  2:18  Command Center  
  23  2:41  Supply Depot  
  23  2:43  Barracks Reactor  
  23  2:49  Factory  
  23  3:03  Barracks Tech Lab  
  23  3:20  Command Center  
  23  3:21  Marine x2  
  23  3:24  Marauder  
  27  3:29  SCV  
  29  3:41  SCV  
  29  3:49  Orbital Command  
  29  3:53  SCV  
  29  3:54  Engineering Bay  
  30  3:59  Barracks Reactor  
  30  4:01  Widow Mine x2  
  34  4:05  SCV  
  34  4:06  Marauder  
  34  4:07  Stimpack  
  37  4:18  Bunker  
  37  4:19  SCV x2  
  37  4:23  Widow Mine  
  41  4:29  Marauder  
  41  4:31  SCV x2  
  45  4:34  Orbital Command  
  45  4:41  Supply Depot  
  45  4:42  Marine x2  
  45  4:43  SCV  
  48  4:47  Starport  
  48  4:57  SCV x2  
  50  5:06  Missile Turret  
  50  5:08  Missile Turret  
  50  5:09  SCV x2  
  52  5:20  Marine x2  
  52  5:21  SCV x2, Marauder  
  57  5:22  Widow Mine x2  
  57  5:27  SCV  
  63  5:33  SCV  
  64  5:38  Marine  
  64  5:41  Marine  
  64  5:45  Starport Reactor  
  64  5:46  Missile Turret  
  64  5:47  Combat Shield  
  56  5:59  Marine  
  56  6:07  Missile Turret  
  56  6:08  Marine x2  
  58  6:17  Marine  
  58  6:18  Widow Mine x2  
  63  6:23  Barracks  
  63  6:25  Barracks  
  63  6:26  Marine x2  
  63  6:35  Marine  
  64  6:43  Marine  
  64  6:44  Marine  
  66  6:53  Marine  
  64  7:01  Widow Mine x2, Marine  
  68  7:03  Marine  
  67  7:09  Viking, Missile Turret  
  67  7:10  Viking  
  67  7:11  Marauder  
  67  7:12  Missile Turret  
  67  7:14  Missile Turret  
  67  7:15  Missile Turret  
  65  7:16  Missile Turret x2  
  65  7:18  Refinery  
  65  7:19  SCV, Marine  
  65  7:20  Refinery, Missile Turret  
  65  7:21  Marine  
  68  7:38  Missile Turret  
  68  7:40  Missile Turret  
  68  7:41  Missile Turret, Supply Depot  
  68  7:42  Supply Depot  
  68  7:45  Supply Depot  
  68  7:48  Supply Depot  
  68  7:50  Barracks Reactor  
  68  7:51  Barracks Reactor  
  68  7:58  Missile Turret  
  68  8:02  Viking x2  
  68  8:03  Marauder, Terran Infantry Weapons Level 1  
  74  8:07  Supply Depot  
  74  8:11  SCV x3  
  77  8:23  SCV x3  
  76  8:27  Concussive Shells  
  76  8:29  Marauder, Marine  
  76  8:30  Marine x5  
  76  8:32  Viking  
  86  8:35  SCV  
  85  8:47  Marine x2  
  85  8:48  Marine  
  88  8:50  Marauder  
  81  9:06  Marine  
  81  9:07  Marine x5  
  85  9:12  Orbital Command, Marauder  
  87  9:24  Marine  
  87  9:25  Marine x5  
  87  9:27  Widow Mine x2  
  87  9:31  Medivac x2  
  101  9:33  Marauder  
  103  9:42  Marine x6  
  109  9:51  Supply Depot  
  109  9:53  Supply Depot x2  
  109  9:54  Supply Depot  
  109  9:56  Starport  
  109  10:05  Marine  
  109  10:08  Marine  
  107  10:14  SCV x2, Marine x2  
  107  10:15  Factory Tech Lab, Marauder  
  107  10:17  Supply Depot  
  107  10:18  Supply Depot  
  109  10:26  SCV  
  96  10:36  Marauder  
  89  10:43  Marine x4  
  89  10:44  Marine x2  
  87  10:58  Marauder  
  87  11:01  Marine x5  
  91  11:09  Marine  
  92  11:11  Siege Tank  
  92  11:15  Starport Tech Lab, Medivac  
  92  11:16  Medivac  
  99  11:19  Marauder, Marine x5  
  99  11:22  Command Center  
  104  11:40  Marauder  
  104  11:44  Siege Tank  
  104  11:45  Medivac  
  93  12:02  Marauder  
  93  12:08  Marine  
  91  12:09  Marine x5  
  97  12:23  Marauder  
  97  12:26  Marine x4  
  97  12:27  Marine x2  
  97  12:44  Marauder, Marine x6  
  83  12:49  Viking x2  
  83  12:50  Raven  
  91  12:59  Command Center  
  91  13:02  Command Center  
  91  13:06  Marauder  
  90  13:22  Terran Infantry Armor Level 1  
  90  13:24  Armory  
  90  13:27  Marauder  
  87  13:53  Marauder, Marine x5  
  87  13:54  Marine  
  95  14:04  Siege Tank  
  98  14:11  Marine x4  
  98  14:15  Marauder  
  70  14:34  Marine x2  
  70  14:36  Marauder  
  62  14:52  Siege Tank  
  65  14:53  Marine  
  65  14:54  Marine  
  65  14:57  Marauder, Marine x4  
  73  15:07  Viking  
Tags
 
Add a new tag
Caveats
  • Supply blocks, unpowered buildings, or Contaminate may cause inaccurate times.
  • Supply counts are checked every 10 seconds.